 Dungeon Crawl Stone Soup version 0.20-a0-1122-gb7cbeb9 (webtiles) character file.

25 Gorglomux the Firebug (level 2, -2/20 HPs)
             Began as a Draconian Fire Elementalist on May 13, 2017.
             Slain by an adder (5 damage)
             ... on level 2 of the Dungeon.
             The game lasted 00:01:41 (979 turns).

Gorglomux the Firebug (Draconian Fire Elementalist)  Turns: 979, Time: 00:01:42

Health: -2/20      AC:  4    Str: 10    XL:     2   Next: 82%
Magic:  2/5        EV: 12    Int: 15    God:
Gold:   42         SH:  0    Dex: 11    Spells: 4/5 levels left

rFire    + . .     SeeInvis .   f - +0 dagger
rCold    + . .     Gourm    +   (no shield)
rNeg     . . .     Faith    .   (armour unavailable)
rPois    +         Spirit   .   (helmet restricted)
rElec    +         Reflect  .   (no cloak)
rCorr    +         Harm     .   (no gloves)
MR       .....                  (no boots)
Stlth    ++........             g - amulet of the gourmand {Gourm, !d}
Regen    0.1/turn               (no ring)
MPRegen  0.1/turn               (no ring)

@: lethally poisoned (-2 -> -5), resistant, very slightly contaminated
A: unfitting armour, cold-blooded, AC +4
a: no special abilities


You were on level 2 of the Dungeon.
You were not hungry.

You visited 1 branch of the dungeon, and saw 2 of its levels.

You collected 42 gold pieces.

Inventory:

Hand Weapons
 f - a +0 dagger (weapon)
   (You found it on level 1 of the Dungeon)
Jewellery
 g - an amulet of the gourmand (around neck) {Gourm, !d}
   (You found it on level 1 of the Dungeon)
Scrolls
 d - 3 scrolls of remove curse {unknown}
 e - a scroll of amnesia {unknown}
 h - a scroll of identify {unknown}
Books
 a - a book of Flames
Comestibles
 b - a bread ration {@e1@e1}
 j - a meat ration {@e2@e2}


   Skills:
 - Level 1.7 Dodging
 - Level 1.7 Stealth
 + Level 2.3 Spellcasting
 * Level 1.9 Conjurations
 + Level 3.4 Fire Magic


You had 4 spell levels left.
You knew the following spells:

 Your Spells              Type           Power        Failure   Level  Hunger
a - Flame Tongue          Conj/Fire      #....        7%          1    #......


Dungeon Overview and Level Annotations

Branches:
Dungeon (2/15)

Altars:


Innate Abilities, Weirdness & Mutations

Your plain brown scales are hard. (AC +4)
You cannot fit into any form of body armour.
You are cold-blooded and may be slowed by cold attacks.


Message History

The kobold throws a stone.
The stone closely misses you.
The kobold throws a stone.
The stone barely misses you.
You can't see any susceptible monsters within range! (Use Z to cast anyway.) Unknown command.
You can't see any susceptible monsters within range! (Use Z to cast anyway.)
Aim: a kobold The flame tongue hits the kobold.
You kill the kobold!
You now have 4/5 mp.
You can't see any susceptible monsters within range! (Use Z to cast anyway.) Unknown command.
Things that are here:
2 stones; a kobold corpse An adder comes into view.
An adder is nearby!
An adder is nearby!
The adder hisses angrily.
Found a stone staircase leading down.
You can't see any susceptible monsters within range! (Use Z to cast anyway.) MP restored: 5 You can't see any susceptible monsters within range! (Use Z to cast anyway.)
You can't see any susceptible monsters within range! (Use Z to cast anyway.)
You see here a stone.
Aim: an adder The flame tongue misses the adder.
You now have 4/5 mp.
Aim: an adder The flame tongue hits the adder.
The adder barely misses you.
You now have 3/5 mp.
Aim: an adder (almost dead)
The flame tongue misses the adder.
The adder bites you.
You are poisoned.
The adder poisons you! The adder bites you.
You take 5 damage, and have 15/20 hp.
MASSIVE DAMAGE!!
You now have 2/5 mp.
Aim: an adder (almost dead)
The flame tongue hits the adder.
The adder appears unharmed.
You feel sick. The adder barely misses you.
You take 1 damage, and have 14/20 hp.
You now have 1/5 mp.
Aim: an adder (almost dead)
The flame tongue hits the adder.
You kill the adder!
You now have 0/5 mp.
You start resting.
You feel sick. x4
You are no longer poisoned.
You take 4 damage, and have 11/20 hp.
You start resting.
Health restored: 20; MP restored: 5 You now have 42 gold pieces (gained 6).
d - 3 scrolls labeled QATUTY UFFOPAN (gained 1)
There is a stone staircase leading down here.
j - a meat ration {@e2@e2} An adder comes into view.
The adder hisses angrily.
An adder is nearby!
An adder is nearby!
An adder is nearby!
Aim: an adder The flame tongue hits the adder.
The adder appears unharmed.
The adder barely misses you.
You now have 4/5 mp.
Aim: an adder The flame tongue hits the adder.
The adder bites you.
You take 4 damage, and have 16/20 hp.
You now have 3/5 mp.
Aim: an adder (lightly wounded)
The flame tongue misses the adder.
The adder bites you. The adder closely misses you.
You take 1 damage, and have 15/20 hp.
You now have 2/5 mp.
Aim: an adder (lightly wounded)
You miscast Flame Tongue.
You are very lightly contaminated with residual magic.
Nothing appears to happen.
The adder bites you.
You take 5 damage, and have 10/20 hp.
MASSIVE DAMAGE!!
You now have 1/5 mp.
Aim: an adder (lightly wounded)
The flame tongue hits the adder.
The adder barely misses you.
You now have 0/5 mp.
It was a potion of resistance.
You feel protected. The adder bites you.
You take 3 damage, and have 7/20 hp.
It was a potion of magic.
Magic courses through your body. The adder bites you but does no damage.
The adder closely misses you.
MP restored: 5
Aim: an adder (lightly wounded)
The flame tongue misses the adder.
The adder closely misses you.
You now have 4/5 mp.
Aim: an adder (lightly wounded)
The flame tongue hits the adder.
The adder bites you.
* * * LOW HITPOINT WARNING * * *
You are lethally poisoned!
The adder poisons you!
You take 3 damage, and have 4/20 hp.
You now have 3/5 mp.
Aim: an adder (moderately wounded)
The flame tongue hits the adder.
* * * LOW HITPOINT WARNING * * *
You feel sick. The adder bites you.
You die...

..# #.# ... ...
#.#####.# #.###.#.....#
# #...........#.#
#.......##..#.#
#.............#
#####.####..#.# #.#
#..#.# #@# #..#.#
......S.####..#.#
####..........#.#
#.#..#####.#.########
...#..# #........... ..#
#..# #...########
.#####..######.##.......
#............##.###.##
#.....................


You could see an adder.

Vanquished Creatures
  An adder (D:2)
  A dart slug (D:1)
  A goblin (D:1)
  2 hobgoblins (D:1)
  2 kobolds
  5 bats (D:1)
  A frilled lizard (D:1)
13 creatures vanquished.

Notes
Turn   | Place    | Note
-------+----------+-------------------------------------------
     0 | D:1      | Gorglomux the Draconian Fire Elementalist began the quest for the Orb.
     0 | D:1      | Reached XP level 1. HP: 14/14 MP: 3/3
   403 | D:1      | Reached XP level 2. HP: 20/20 MP: 3/5
   978 | D:2      | HP: 4/20 [adder (3)]
   979 | D:2      | Slain by an adder

Vault maps used:
D:1:      evilmike_arrival_grusome_pit
D:2:      minivault_25

Action                   || total
-------------------------++-------
Melee: Unarmed           ||    14
       Dagger            ||     1
 Cast: Flame Tongue      ||    31
  Use: Potion            ||     2
  Eat: Chunk             ||     6
Armor: Skin              ||    14
Dodge: Dodged            ||    35

Vault maps used:
D:1:      evilmike_arrival_grusome_pit
D:2:      minivault_25

Table legend:
 A = Turns spent in this place as a percentage of turns spent in the entire game.
 B = Non-inter-level travel turns spent in this place as a percentage of non-inter-level travel turns spent in the entire game.
 C = Inter-level travel turns spent in this place as a percentage of turns spent in this place.
 D = Turns resting spent in this place as a percentage of non-inter-level travel turns spent in this place.
 E = Turns spent auto-exploring this place as a percentage of non-inter-level travel turns spent in this place.
 F = Non-inter-level travel turns spent in this place divided by the number of levels of this place that you've seen.
                   A       B       C       D       E      F
               +-------+-------+-------+-------+-------+----------------------
         Total | 100.0 | 100.0 |   0.5 |   6.8 |  13.2 | 102.5
       Dungeon | 100.0 | 100.0 |   0.5 |   6.8 |  13.2 | 102.5
               +-------+-------+-------+-------+-------+----------------------

Table legend:
 A = Kills in this place as a percentage of kills in entire the game.
 B = Kills by you in this place as a percentage of kills by you in the entire game.
 C = Kills by friends in this place as a percentage of kills by friends in the entire game.
 D = Other kills in this place as a percentage of other kills in the entire game.
 E = Experience gained in this place as a percentage of experience gained in the entire game.
 F = Experience gained in this place divided by the number of levels of this place that you have seen.
                   A       B       C       D       E      F
               +-------+-------+-------+-------+-------+----------------------
         Total | 100.0 | 100.0 |  -nan |  -nan | 100.0 |  18.0
       Dungeon | 100.0 | 100.0 |  -nan |  -nan | 100.0 |  18.0
               +-------+-------+-------+-------+-------+----------------------
